details: 'thought u had a win boy'

« prev index next »

General information

Mini Map

Players

team 1
Random» UndeadGrandiose (orange | 56 APM | 1725 actions | 31:03)
Hero icon 8 Shadow Hunter
Ability icon 3 Healing Wave
Ability icon 3 Hex
Ability icon 1 Big Bad Voodoo
Ability icon 1 Serpent Ward
Hero icon 6 Death Knight
Ability icon 3 Death Coil
Ability icon 2 Unholy Aura
Ability icon 1 Animate Dead
Hero icon 6 Lich
Ability icon 3 Frost Nova
Ability icon 2 Frost Armor
Ability icon 1 Death and Decay

» actions
Assign group hotkey13
Basic commands3
Build / train102
Enter build submenu26
Enter hero's abilities submenu20
Remove unit from queue3
Right click811
Select / deselect550
Select group hotkey93
Use ability104
1725 total
» units
Acolyte2
Ghoul4
Crypt Fiend27
Peon1
Grunt4
Troll Headhunter/Berserker2
Shaman13
Tauren3
Obsidian Statue4
60 total
» upgrades
Shaman Training2
Web1
Pulverize1
Creature Attack1
Creature Carapace1
Armor1
Melee Weapons1
8 total
» buildings
Crypt1
Graveyard1
Ziggurat5
Altar of Darkness1
Tomb of Relics3
Nerubian Tower1
Barracks1
Orc Burrow5
Voodoo Lounge1
War Mill1
Stronghold1
Halls of the Dead1
Spirit Lodge1
Fortress1
Spirit Tower2
Slaughterhouse2
Tauren Totem3
Black Citadel1
Sacrificial Pit1
Boneyard2
35 total
» build order
00:11 Crypt
00:19 Graveyard
00:41 Ziggurat
00:57 Altar of Darkness
01:12 Tomb of Relics
01:17 Ziggurat
01:37 Nerubian Tower
02:07 Barracks
02:10 Orc Burrow
02:17 Voodoo Lounge
02:32 War Mill
02:44 Ziggurat
03:34 Stronghold
05:48 Halls of the Dead
06:17 Spirit Lodge
06:20 Fortress
07:53 Ziggurat
07:55 Ziggurat
08:01 Orc Burrow
08:04 Orc Burrow
08:29 Spirit Tower
08:44 Spirit Tower
09:30 Slaughterhouse
09:50 Tauren Totem
09:51 Tauren Totem
09:53 Tauren Totem
10:51 Tomb of Relics
13:16 Slaughterhouse
13:35 Orc Burrow
13:35 Orc Burrow
13:48 Black Citadel
16:49 Tomb of Relics
28:55 Sacrificial Pit
30:00 Boneyard
30:01 Boneyard
» items
Rod of Necromancy1
1 total
Orcstatictension (pink | 31 APM | 29 actions | 00:55)

» actions
Build / train9
Enter build submenu2
Right click8
Select / deselect8
Use ability2
29 total
» units
Peon9
9 total
» buildings
Orc Burrow1
Altar of Storms1
2 total
» build order
00:20 Orc Burrow
00:36 Altar of Storms
OrcTheRoadWarrior (teal | 60 APM | 2193 actions | 36:49)
Hero icon 6 Blademaster
Ability icon 3 Wind Walk
Ability icon 2 Critical Strike
Ability icon 1 Bladestorm

» actions
Assign group hotkey39
Basic commands232
Build / train66
Enter build submenu42
Enter hero's abilities submenu6
Give item / drop item16
Remove unit from queue2
Right click881
Select / deselect425
Select group hotkey313
Use ability171
2193 total
» units
Peon12
Grunt6
Wind Rider5
Troll Batrider7
30 total
» upgrades
Armor3
Ranged Weapons3
Troll Regeneration1
Reinforced Defenses1
Liquid Fire0
Envenomed Spears1
9 total
» buildings
Orc Burrow4
Altar of Storms1
Barracks1
Voodoo Lounge6
Stronghold1
War Mill2
Beastiary2
Fortress1
Watch Tower30
Great Hall2
50 total
» build order
00:13 Orc Burrow
00:52 Altar of Storms
00:54 Barracks
01:06 Orc Burrow
01:55 Voodoo Lounge
02:49 Stronghold
04:09 War Mill
04:12 Orc Burrow
05:12 Beastiary
05:14 Beastiary
05:22 Orc Burrow
08:26 Voodoo Lounge
14:13 Fortress
18:07 Watch Tower
18:08 Watch Tower
18:09 Watch Tower
18:12 Watch Tower
22:11 Great Hall
22:15 Watch Tower
22:15 Watch Tower
22:15 Watch Tower
22:17 Watch Tower
22:17 Watch Tower
22:18 Watch Tower
22:18 Watch Tower
22:19 Watch Tower
22:20 Watch Tower
22:21 Watch Tower
22:21 Watch Tower
22:22 Watch Tower
22:23 Watch Tower
22:29 Voodoo Lounge
23:25 Voodoo Lounge
23:31 War Mill
23:53 Voodoo Lounge
26:20 Great Hall
26:24 Voodoo Lounge
26:31 Watch Tower
26:31 Watch Tower
26:31 Watch Tower
26:33 Watch Tower
26:33 Watch Tower
26:34 Watch Tower
26:34 Watch Tower
26:36 Watch Tower
27:54 Watch Tower
27:55 Watch Tower
27:55 Watch Tower
27:56 Watch Tower
» items
Healing Salve8
Boots of Speed1
Staff of Teleportation1
Scroll of Town Portal3
Lesser Clarity Potion1
Orb of Lightning1
Tiny Great Hall1
16 total
Random» HumanCarpenter (blue | 42 APM | 1468 actions | 35:22)
Hero icon 6 Archmage
Ability icon 2 Blizzard
Ability icon 3 Summon Water Elemental
Ability icon 1 Mass Teleport

» actions
Assign group hotkey53
Build / train91
Enter build submenu29
Enter hero's abilities submenu6
Remove unit from queue1
Right click575
Select / deselect479
Select group hotkey168
Use ability66
1468 total
» units
Peasant15
Footman3
Rifleman23
Tauren4
Shaman1
Mortar Team10
Peon5
Troll Batrider5
66 total
» upgrades
Masonry1
Gunpowder2
Armor3
Melee Weapons3
Plating0
9 total
» buildings
Altar of Kings1
Farm10
Scout Tower4
Arcane Tower1
Barracks1
Lumber Mill1
Blacksmith1
Guard Tower2
Arcane Vault1
Keep1
Workshop1
Orc Burrow2
Beastiary1
27 total
» build order
00:04 Altar of Kings
00:06 Farm
00:53 Scout Tower
01:21 Farm
01:26 Arcane Tower
01:58 Farm
02:43 Barracks
02:59 Lumber Mill
03:59 Farm
04:05 Blacksmith
04:29 Scout Tower
04:35 Scout Tower
04:59 Farm
05:29 Guard Tower
06:32 Arcane Vault
07:28 Keep
08:55 Scout Tower
09:03 Farm
09:30 Guard Tower
09:40 Farm
09:57 Workshop
11:03 Farm
12:00 Farm
13:05 Farm
13:44 Orc Burrow
13:46 Orc Burrow
19:44 Beastiary
» items
Scroll of Town Portal3
Potion of Healing1
4 total
team 2
Random» OrcGrimmy (yellow | 64 APM | 1307 actions | 20:19)
Hero icon 4 Far Seer
Ability icon 2 Feral Spirit
Ability icon 2 Chain Lighting

» actions
Assign group hotkey31
Basic commands130
Build / train59
ESC pressed2
Enter build submenu15
Enter hero's abilities submenu4
Right click534
Select / deselect310
Select group hotkey171
Use ability51
1307 total
» units
Peon11
Wind Rider7
Troll Headhunter/Berserker12
Troll Witch Doctor7
Demolisher1
38 total
» upgrades
Ranged Weapons2
Armor2
Shaman Training1
Witch Doctor Training2
Berserker Upgrade1
Troll Regeneration1
Burning Oil1
10 total
» buildings
Orc Burrow6
Altar of Storms1
Stronghold1
Voodoo Lounge1
Beastiary2
War Mill1
Fortress1
Spirit Lodge1
Barracks2
16 total
» build order
01:23 Orc Burrow
01:26 Altar of Storms
02:46 Stronghold
03:06 Orc Burrow
03:17 Voodoo Lounge
04:27 Orc Burrow
04:36 Orc Burrow
05:36 Beastiary
05:41 Beastiary
05:55 War Mill
10:42 Fortress
10:45 Orc Burrow
10:48 Orc Burrow
12:41 Spirit Lodge
12:44 Barracks
13:15 Barracks
» items
Scroll of Town Portal2
Healing Salve1
Scroll of Speed1
4 total
Orccerebralprophet (red | 53 APM | 1009 actions | 19:04)
Hero icon 4 Far Seer
Ability icon 2 Feral Spirit
Ability icon 2 Chain Lighting

» actions
Basic commands29
Build / train54
Enter build submenu25
Enter hero's abilities submenu4
Remove unit from queue1
Right click542
Select / deselect283
Use ability71
1009 total
» units
Peon16
Grunt6
Troll Headhunter/Berserker2
Tauren9
33 total
» upgrades
Armor2
Ranged Weapons0
Melee Weapons3
Reinforced Defenses1
Pulverize1
7 total
» buildings
Orc Burrow6
Altar of Storms1
Barracks1
War Mill1
Voodoo Lounge1
Watch Tower7
Stronghold1
Fortress1
Tauren Totem3
22 total
» build order
00:21 Orc Burrow
00:39 Altar of Storms
00:53 Barracks
01:34 Orc Burrow
01:38 War Mill
02:06 Voodoo Lounge
03:08 Orc Burrow
04:02 Watch Tower
04:04 Watch Tower
04:38 Watch Tower
04:49 Stronghold
06:03 Orc Burrow
07:41 Fortress
09:21 Watch Tower
10:53 Tauren Totem
10:54 Tauren Totem
11:36 Watch Tower
11:38 Watch Tower
12:52 Tauren Totem
12:55 Orc Burrow
13:08 Orc Burrow
13:41 Watch Tower
» items
Healing Salve2
Lesser Clarity Potion2
Potion of Mana1
5 total
Orcundeads (purple | 95 APM | 3477 actions | 36:46)
Hero icon 10 Blademaster
Ability icon 3 Wind Walk
Ability icon 3 Critical Strike
Ability icon 1 Bladestorm
Ability icon 3 Mirror Image

» actions
Assign group hotkey108
Basic commands51
Build / train121
ESC pressed6
Enter build submenu46
Enter hero's abilities submenu10
Give item / drop item7
Right click1536
Select / deselect465
Select group hotkey890
Use ability234
3477 total
» units
Peon17
Grunt5
Wind Rider14
Demolisher2
Tauren3
Kodo Beast3
Raider1
Spirit Walker1
46 total
» upgrades
Armor3
Ranged Weapons3
Pillage1
Berserker Strength1
Reinforced Defenses1
Envenomed Spears1
Ensnare1
Melee Weapons3
Pulverize1
Spiked Barricades4
War Drums Damage Increase2
21 total
» buildings
Orc Burrow9
Altar of Storms2
Barracks3
Voodoo Lounge2
War Mill1
Stronghold2
Watch Tower15
Beastiary4
Fortress3
Spirit Lodge1
Tauren Totem2
Great Hall1
45 total
» build order
00:14 Orc Burrow
01:09 Orc Burrow
01:20 Altar of Storms
01:22 Barracks
01:47 Voodoo Lounge
03:13 War Mill
04:08 Orc Burrow
04:37 Stronghold
04:55 Watch Tower
05:06 Watch Tower
05:17 Watch Tower
06:19 Watch Tower
07:41 Beastiary
07:45 Beastiary
07:49 Fortress
07:49 Fortress
09:06 Orc Burrow
13:50 Watch Tower
13:51 Watch Tower
13:52 Watch Tower
13:53 Watch Tower
14:03 Watch Tower
16:49 Beastiary
16:50 Beastiary
18:32 Barracks
18:34 Spirit Lodge
19:27 Barracks
19:29 Tauren Totem
19:31 Tauren Totem
20:46 Orc Burrow
20:48 Orc Burrow
21:26 Orc Burrow
23:31 Watch Tower
23:32 Watch Tower
23:33 Watch Tower
23:34 Watch Tower
23:40 Watch Tower
23:41 Watch Tower
25:22 Orc Burrow
25:24 Orc Burrow
28:18 Altar of Storms
29:44 Great Hall
33:04 Voodoo Lounge
» items
Healing Salve7
Lesser Clarity Potion5
Boots of Speed1
Orb of Lightning1
Tiny Great Hall1
Scroll of Town Portal1
16 total
HumanNovaCain (green | 63 APM | 1188 actions | 18:51)
Hero icon 3 Archmage
Ability icon 2 Blizzard
Ability icon 1 Brilliance Aura

» actions
Assign group hotkey33
Basic commands96
Build / train50
ESC pressed6
Enter build submenu29
Enter hero's abilities submenu4
Right click436
Select / deselect249
Select group hotkey208
Use ability77
1188 total
» units
Peasant15
Rifleman9
Sorceress6
30 total
» upgrades
Gunpowder1
Armor1
Long Rifles1
Magic Sentry1
4 total
» buildings
Altar of Kings1
Farm7
Blacksmith1
Barracks2
Scout Tower2
Arcane Tower1
Arcane Vault1
Keep1
Arcane Sanctum2
Workshop2
Castle1
Lumber Mill1
Gryphon Aviary1
23 total
» build order
00:10 Altar of Kings
00:15 Farm
00:19 Farm
01:00 Blacksmith
01:51 Barracks
01:58 Farm
02:22 Scout Tower
02:26 Scout Tower
02:34 Farm
02:53 Arcane Tower
03:28 Barracks
03:59 Arcane Vault
04:40 Farm
05:41 Farm
06:15 Keep
08:44 Arcane Sanctum
10:53 Farm
13:34 Arcane Sanctum
13:46 Workshop
13:49 Castle
13:56 Lumber Mill
16:16 Workshop
16:24 Gryphon Aviary
» items
Scroll of Regeneration3
Lesser Clarity Potion2
Mechanical Critter2
Scroll of Town Portal1
Potion of Healing1
9 total

Chat log


(01:04 / Allies) Grandiose: wtf
(01:31 / Allies) Grandiose: who has him?
(01:43 / Allies) Carpenter: teal ? 2 orcs
(01:44 / Allies) TheRoadWarrior: not me
(01:55 / Allies) Grandiose: k
(01:57 / Allies) Grandiose: i will
(02:39 / All) undeads: raped lol
(02:45 / All) Carpenter: lol yeah

(06:36 / All) cerebralprophet: u guys go ill play d

(11:15 / Allies) TheRoadWarrior: b
(11:16 / Allies) TheRoadWarrior: b
(11:17 / Allies) TheRoadWarrior: b
(11:30 / Allies) TheRoadWarrior: hang on 2 more bats
(12:24 / Allies) Grandiose: tping
(13:20 / Allies) Carpenter: need tp
(14:05 / Allies) Grandiose: j
(14:07 / Allies) Grandiose: k

(15:16 / All) undeads: Blue has no balls lol
(15:26 / All) undeads: pussy bitch tping and not committing
(15:28 / All) undeads: that was a bad idea
(16:21 / All) cerebralprophet: cant win alone fuck this team they all botches

(18:59 / All) undeads: lol, sniped your am again
(19:03 / All) undeads: level 7!
(19:06 / All) TheRoadWarrior: ,am wtf
(19:19 / All) TheRoadWarrior: I clicked off my damn bm and back on still couldn't control it
(19:23 / All) TheRoadWarrior: until I did it second time

(23:11 / All) undeads: lol

(25:07 / Allies) Grandiose: DONT FUCKING TUCH HIM
(25:09 / Allies) Grandiose: YOU FUKIN MORON

(27:54 / Allies) Grandiose: DONT FUKCING CONTROL PINK
(28:11 / Allies) Carpenter: lol yteral

(30:31 / All) TheRoadWarrior: AAAAAAH
(30:34 / All) TheRoadWarrior: YOU THOUGHT YOU HAD A WIN BOY
(30:37 / All) undeads: Bad boy orange

(35:32 / All) TheRoadWarrior: lawl
(35:33 / All) undeads: nice your team left
(35:38 / All) TheRoadWarrior: let's stats
(35:52 / All) undeads: Yellow 315-326
(36:00 / All) undeads: Green 49-55
(36:06 / All) undeads: Red 327-340
(36:10 / All) undeads: my team all below 50%
(36:27 / All) TheRoadWarrior: my team same more or less
(36:31 / All) TheRoadWarrior: pink is only 4-3, 1-3 solo
(36:42 / All) undeads: Grimmy is an idiot I played with before
(36:43 / All) TheRoadWarrior: I say u team lose lawl
(36:46 / All) undeads: let's give my team loss